 Dungeon Crawl Stone Soup version 0.25-a0-942-g87a5396 (webtiles) character file.

Game seed: 1828030159496676166, levelgen mode: deterministic

66341 DrEnzyme the Swashbuckler (level 15, -3/100 HPs)
             Began as a Kobold Wanderer on May 5, 2020.
             Was a High Priest of Ru.
             Slain by a redback (7 damage)
             ... on level 1 of the Spider Nest.
             The game lasted 01:21:26 (29110 turns).

DrEnzyme the Swashbuckler (Kobold Wanderer)        Turns: 29110, Time: 01:21:26

Health: -3/100     AC:  3    Str: 15    XL:     15   Next: 61%
Magic:  8/15       EV: 21    Int: 12    God:    Ru [*****.]
Gold:   2841       SH:  0    Dex: 17    Spells: 14/14 levels left

rFire    + + .     SeeInvis .   b - +5 dagger (venom)
rCold    . . .     Gourm    .   (shield restricted)
rNeg     . . .     Faith    .   x - +2 ring mail {rF+}
rPois    .         Spirit   .   (no helmet)
rElec    .         Reflect  .   E - +0 cloak
rCorr    .         Harm     .   A - +2 pair of gloves
MR       +....                  D - +0 pair of boots
Stlth    ++++++....             g - amulet of regeneration
HPRegen  0.66/turn              s - ring of wizardry
MPRegen  0.14/turn              y - ring of protection from fire

@: lethally poisoned (-3 -> -48), exhausted, no potions, corroded, drained
A: small, carnivore, inability to drink while threatened, inability to use
devices, reduced AC 1
a: Sacrifice Essence, Sacrifice Resistance, Sacrifice Nimbleness, Reject
Sacrifices, Draw Out Power, Power Leap, Apocalypse, Renounce Religion


You were on level 1 of the Spider Nest.
You worshipped Ru.
Ru was extremely pleased with you.
You were not hungry.

You visited 5 branches of the dungeon, and saw 24 of its levels.

You collected 3251 gold pieces.
You spent 410 gold pieces at shops.

Inventory:

Hand Weapons
 a - a +6 short sword of draining
 b - a +5 dagger of venom (weapon)
 C - a +3 dagger
 I - a +1 long sword of holy wrath
Missiles
 p - 39 poisoned darts (quivered)
Armour
 w - a +2 leather armour of magic resistance
 x - a +2 ring mail of fire resistance (worn)
 A - a +2 pair of gloves (worn)
 B - a +0 kite shield
 D - a +0 pair of boots (worn)
 E - a +0 cloak (worn)
Jewellery
 g - an amulet of regeneration (around neck)
 s - a ring of wizardry (left hand)
 y - a ring of protection from fire (right hand)
 F - an uncursed ring of protection from fire
 L - the ring "Jerinad" {Int+7 Stlth-, unknown}
   (You found it on level 13 of the Dungeon)

   [ring of attention]

   It affects your intelligence (+7).
   It makes you less stealthy.
Scrolls
 d - 3 scrolls of remove curse
 i - 3 scrolls of identify
 j - 4 scrolls of teleportation
 t - 3 scrolls of amnesia
 u - a scroll of blinking
 v - 3 scrolls of silence
 G - a scroll of holy word
 H - a scroll of fear
 J - a scroll of magic mapping
Potions
 c - 5 potions of curing
 e - 3 potions of haste
 h - 11 potions of heal wounds
 k - 2 potions of lignification
 l - a potion of brilliance
 m - 3 potions of stabbing
 n - 2 potions of mutation
 o - 3 potions of flight
 q - 2 potions of might
 r - a potion of magic
 z - 2 potions of resistance
 K - a potion of cancellation
Comestibles
 f - 43 rations


   Skills:
 + Level 13.9(13.0) Fighting
 + Level 18.1(17.1) Short Blades
   Level 1.0(0.4) Axes
 * Level 2.7(2.1) Armour
 + Level 12.5(11.7) Dodging
 + Level 18.0(17.0) Stealth
 - Level 4.0(3.3) Shields


You had 14 spell levels left.
You didn't know any spells.
Your spell library contained the following spells:

 Spells                   Type           Power        Failure   Level  Hunger
 Poisonous Vapours        Pois/Air       #.....       34%         2    ###....
 Conjure Flame            Conj/Fire      #.......     56%         3    ####...
 Ignite Poison            Fire/Tmut/Pois #.......     56%         3    ####...
 Mephitic Cloud           Conj/Pois/Air  #.......     56%         3    ####...
 Fireball                 Conj/Fire      #.........   99%         5    ######.
 Irradiate                Conj/Tmut      #.........   99%         5    ######.
 Freezing Cloud           Conj/Ice/Air   #.........   100%        6    #######
 Hydra Form               Tmut           #.........   100%        6    #######
 Starburst                Conj/Fire      #.........   100%        6    #######
 Statue Form              Tmut/Erth      #........    100%        6    #######
 Dragon Form              Tmut           #.........   100%        7    #######
 Ring of Flames           Chrm/Fire      #.........   100%        7    #######
 Ignition                 Fire           #.........   100%        8    #######


Dungeon Overview and Level Annotations

Branches:
Dungeon (14/15)            Temple (1/1) D:6            Lair (6/6) D:9
 Shoals (0/4) Lair:3       Spider (1/4) Lair:2        Slime (0/5) Lair:6
    Orc (2/2) D:11            Elf (0/3) Orc:2
 Vaults: D:13-14

Altars:
Ashenzari
Cheibriados
Dithmenos
Elyvilon
Fedhas
Gozag
Hepliaklqana
Kikubaaqudgha
Makhleb
Nemelex Xobeh
Okawaru
Qazlal
Ru
Sif Muna
Trog
Uskayaw
Vehumet
Wu Jian
Xom
Yredelemnul
Zin
The Shining One
Beogh
Jiyva

Shops:
D:8 (   Orc:2 [}?*

Annotations:
D:4 exclusions: downstairs, ogre and phantom
D:5 exclusion: iguana, Grinder, Prince Ribbit
D:13 3 runed translucent doors, Eteol's ghost, journeyman FeMo
Lair:1 Urug
Lair:3 exclusions: downstairs and 4 oklob plants
Orc:1 2 transporters, lightray's ghost, journeyman MiWn


Innate Abilities, Weirdness & Mutations

You are small and have problems with some larger weapons.
You are carnivorous and can eat meat at any time.
You cannot drink potions while threatened.
You cannot study or use magical devices.
You take slightly more damage. (AC -5)


Message History

The redback bites you!
* * * LOW HITPOINT WARNING * * *
A redback comes into view.
* * * LOW HITPOINT WARNING * * *
You feel very sick.
You redirect the jumping spider's attack!
The jumping spider leaps!
An entropy weaver comes into view.
The jumping spider pounces on you!
* * * LOW HITPOINT WARNING * * *
You are caught in a web!
The jumping spider misses you.
There is a web here.
The web tears apart.
* * * LOW HITPOINT WARNING * * *
You feel very sick. The redback barely misses you.
A wolf spider comes into view.
You redirect the jumping spider's attack! x2
The redback bites you!
You die... s

.. ..# # .. ..#.
.. ..#.### ..###
#...
#s....###..##...#
#s○sa..#...##
#.#..ss#.#..#.#
#.#s@s.s.....#
#..#.†..##.#..
.....###.....# ^
#.###. #.##..# .
## #.# .^.# .##
..# # #..


You could see an entropy weaver, a wolf spider, 4 jumping spiders and 3
redbacks.

Vanquished Creatures
  An orc warlord (Orc:2)
  An entropy weaver (Spider:1)
  Nessos (Orc:2)
  Snorg (Lair:5)
  4 hydras
  2 vault guards
  A centaur warrior (D:13)
  7 two-headed ogres
  5 orc high priests (Orc:2)
  An unseen horror (D:10)
  A wolf spider (Spider:1)
  3 orc knights (Orc:2)
  An ugly thing (D:13)
  A manticore (D:12)
  3 orc sorcerers (Orc:2)
  2 cyclopes
  18 elephants
  4 black mambas
  Psyche (D:12)
  22 spiny frogs
  A gargoyle (D:12)
  2 kobold demonologists (D:12)
  A rime drake (Lair:1)
  5 komodo dragons
  2 jumping spiders (Lair:2)
  5 trolls
  A merfolk (D:10)
  7 dream sheep
  A hornet (D:8)
  10 blink frogs
  6 hippogriffs
  5 redbacks
  A spriggan (Lair:4)
  A water elemental (D:12)
  3 basilisks
  4 humans
  A tarantella (Spider:1)
  A vampire (D:13)
  25 yaks
  2 hungry ghosts
  4 wargs
  10 water moccasins
  A hell hound (Lair:6)
  An acid dragon (Lair:6)
  8 porcupines
  43 orc warriors
  5 sky beasts
  A swamp drake (Lair:6)
  6 phantoms
  2 eyes of draining
  An ice beast (D:13)
  13 wolves
  20 ogres
  3 centaurs
  13 crocodiles
  4 big kobolds
  27 bullfrogs
  A water moccasin zombie (D:9)
  2 gnoll sergeants (D:11)
  A scorpion (D:7)
  6 killer bees (D:10)
  4 howler monkeys
  5 wights (D:9)
  2 crimson imps
  3 bullfrog zombies
  A centaur zombie (D:11)
  A quasit (D:8)
  6 hounds
  6 jellies
  34 orc priests
  4 centaur skeletons
  18 orc wizards
  2 bullfrog skeletons
  3 iguanas
  Ijyb (D:4)
  8 worker ants
  2 hell rats (Lair:1)
  A hound zombie (D:9)
  A hound skeleton (D:4)
  6 gnolls
  14 adders
  10 river rats
  8 shadow imps
  An ooze (D:2)
  2 adder skeletons
  2 worms (D:3)
  4 leopard geckos
  98 orcs
  3 giant cockroaches
  14 goblins
  10 hobgoblins
  14 jackals
  7 quokkas
  A ball python (D:3)
  6 bats
  7 frilled lizards
  A jackal skeleton (D:9)
  9 kobolds
  2 leopard gecko skeletons
  8 rats
  2 fungi
  7 plants (Lair:2)
674 creatures vanquished.

Vanquished Creatures (others)
  A two-headed ogre (Orc:2)
  A yak (D:10)
  A wolf (Lair:5)
  2 orc wizards
  An iguana (Lair:6)
  A river rat (Lair:1)
  3 orcs
  70 fungi
  32 plants
112 creatures vanquished.

Grand Total: 786 creatures vanquished

Notes
Turn   | Place    | Note
-------+----------+-------------------------------------------
     0 | D:1      | DrEnzyme the Kobold Wanderer began the quest for the Orb.
     0 | D:1      | DrEnzyme set off with the following items: a +2 dagger, a
                  | potion of heal wounds, a potion of curing, a +0 ring mail,
                  | a ration
     0 | D:1      | Reached XP level 1. HP: 14/14 MP: 1/1
   111 | D:1      | Reached XP level 2. HP: 16/19 MP: 2/2
   179 | D:1      | Reached skill level 1 in Short Blades
   437 | D:1      | Reached XP level 3. HP: 21/24 MP: 3/3
   891 | D:2      | Reached XP level 4. HP: 26/29 MP: 4/4
  1216 | D:2      | Found a blossoming altar of Fedhas.
  1218 | D:2      | Found an iron altar of Okawaru.
  1337 | D:2      | Found a bloodstained altar of Trog.
  1885 | D:3      | Reached XP level 5. HP: 16/33 MP: 5/5
  3126 | D:4      | Noticed Ijyb
  3163 | D:4      | Killed Ijyb
  3163 | D:4      | Reached skill level 5 in Short Blades
  3163 | D:4      | Reached XP level 6. HP: 32/39 MP: 6/6
  3544 | D:4      | Noticed an ogre
  3629 | D:4      | Noticed a phantom
  4172 | D:4      | Found a white marble altar of Elyvilon.
  4198 | D:4      | Reached XP level 7. HP: 44/44 MP: 7/7
  4629 | D:5      | Entered Level 5 of the Dungeon
  4629 | D:5      | Noticed Grinder
  4831 | D:5      | Noticed Prince Ribbit
  5301 | D:6      | Found a staircase to the Ecumenical Temple.
  5329 | Temple   | Entered the Ecumenical Temple
  5464 | Temple   | Became a worshipper of Ru the Awakened
  5603 | D:6      | Reached skill level 5 in Fighting
  5608 | D:6      | Reached XP level 8. HP: 48/49 MP: 8/8
  6459 | D:7      | Found a glowing silver altar of Zin.
  6682 | D:7      | Gained mutation: You cannot drink potions while threatened.
                  | [Ru sacrifice]
  6682 | D:7      | Reached * piety under Ru
  6700 | D:7      | Found the +7 Spriggan's Knife {stab, EV+4 Stlth+}
  6923 | D:7      | Reached skill level 10 in Short Blades
  6923 | D:7      | Reached XP level 9. HP: 55/55 MP: 9/9
  7001 | D:8      | Reached skill level 5 in Stealth
  7209 | D:8      | Noticed a hornet
  7210 | D:8      | Paralysed by a hornet for 2 turns
  7216 | D:8      | Reached skill level 5 in Dodging
  7523 | D:8      | Noticed a two-headed ogre
  7591 | D:8      | Paralysed by a hornet for 2 turns
  7596 | D:8      | Killed a hornet
  7644 | D:8      | Killed a two-headed ogre
  7716 | D:8      | Reached XP level 10. HP: 57/60 MP: 10/10
  7811 | D:8      | Found Momuepaf's Weapon Shop.
  7993 | D:8      | Found a burning altar of Makhleb.
  9028 | D:9      | Gained mutation: You cannot study or use magical devices.
                  | [Ru sacrifice]
  9028 | D:9      | Reached ** piety under Ru
  9028 | D:9      | Reached *** piety under Ru
  9104 | D:9      | Found a staircase to the Lair.
  9215 | D:10     | Entered Level 10 of the Dungeon
  9243 | D:10     | Killed an unseen horror
 10202 | D:9      | Reached XP level 11. HP: 61/67 MP: 11/11
 11093 | D:10     | Noticed a two-headed ogre
 11141 | D:10     | Killed a two-headed ogre
 11141 | D:10     | Reached skill level 15 in Short Blades
 11563 | D:11     | Noticed a skeletal warrior
 11563 | D:11     | Noticed a skeletal warrior
 11583 | D:11     | Gained mutation: You take slightly more damage. (AC -5) [Ru
                  | sacrifice]
 11583 | D:11     | Reached **** piety under Ru
 11583 | D:11     | Reached ***** piety under Ru
 11631 | D:11     | Noticed a skeletal warrior
 11810 | Lair:1   | Entered Level 1 of the Lair of Beasts
 11904 | Lair:1   | Noticed Urug
 12926 | Lair:1   | Reached XP level 12. HP: 50/75 MP: 12/12
 13062 | Lair:2   | Reached skill level 10 in Stealth
 13224 | Lair:1   | Identified a scroll of acquirement
 13248 | Lair:2   | Found a hole to the Spider Nest.
 14499 | Lair:3   | Found a staircase to the Shoals.
 14881 | D:11     | Noticed a two-headed ogre
 14884 | D:11     | Noticed a two-headed ogre
 14886 | D:11     | Killed a two-headed ogre
 14892 | D:11     | Killed a two-headed ogre
 14906 | D:11     | Noticed a skeletal warrior
 15033 | D:11     | Noticed a skeletal warrior
 15134 | D:11     | Found a staircase to the Orcish Mines.
 15139 | D:11     | Reached skill level 10 in Fighting
 15139 | D:11     | Reached XP level 13. HP: 82/82 MP: 13/13
 15205 | Orc:1    | Entered Level 1 of the Orcish Mines
 15465 | Orc:1    | Reached skill level 10 in Dodging
 15890 | Orc:1    | Found a transporter.
 15891 | Orc:1    | Noticed lightray's ghost (journeyman MiWn)
 15909 | Orc:1    | Found a transporter.
 16085 | Orc:2    | Entered Level 2 of the Orcish Mines
 16596 | Orc:2    | Noticed Nessos
 16895 | Orc:2    | Noticed an orc warlord
 16993 | Orc:2    | Found a staircase to the Elven Halls.
 17458 | Orc:2    | Found Aphoocsea's Antique Armour Emporium.
 17484 | Orc:2    | Found a roughly hewn altar of Beogh.
 17777 | Orc:2    | Found Vywalul's Gadget Shoppe.
 18083 | Orc:2    | Killed an orc warlord
 18882 | Lair:4   | Reached skill level 15 in Stealth
 18912 | Lair:4   | Reached XP level 14. HP: 91/91 MP: 14/14
 19089 | Orc:2    | Killed Nessos
 19170 | Orc:2    | Found a roughly hewn altar of Beogh.
 19381 | Orc:2    | Found Uraiwk's Magic Scroll Shop.
 19600 | Orc:2    | Bought a scroll of teleportation for 42 gold pieces
 19600 | Orc:2    | Bought a scroll of blinking for 105 gold pieces
 19600 | Orc:2    | Bought a scroll of identify for 28 gold pieces
 19600 | Orc:2    | Bought a scroll of teleportation for 42 gold pieces
 19623 | Orc:2    | Found Woilluss's General Store.
 19639 | Orc:2    | Bought a potion of curing for 48 gold pieces
 20197 | Lair:4   | You fall into a shaft and drop 2 floors!
 20197 | Lair:6   | Entered Level 6 of the Lair of Beasts
 22417 | Lair:4   | Noticed a dire elephant
 22680 | Lair:3   | Upgraded the game from 0.25-a0-940-gc6eaff5 to
                  | 0.25-a0-942-g87a5396
 23744 | Lair:5   | Noticed Snorg
 23758 | Lair:5   | Killed Snorg
 24749 | Lair:6   | Found a viscous altar of Jiyva.
 24750 | Lair:6   | Found a staircase to the Slime Pits.
 24810 | Lair:6   | Reached XP level 15. HP: 99/99 MP: 15/15
 25979 | Orc:2    | Bought a dyed leather armour for 145 gold pieces
 26552 | D:12     | Noticed Psyche
 26571 | D:12     | Killed Psyche
 27486 | D:13     | Found a runed translucent gate.
 27486 | D:13     | Found a runed translucent gate.
 27486 | D:13     | Found a runed translucent gate.
 27710 | D:13     | Found a blossoming altar of Fedhas.
 28117 | D:13     | Got a wavering tin ring
 28218 | D:13     | Noticed Eteol's ghost (journeyman FeMo)
 28792 | Spider:1 | Entered Level 1 of the Spider Nest
 29110 | Spider:1 | HP: 4/100 [poisoned by a redback]
 29110 | Spider:1 | Slain by a redback

Levels and vault maps discovered:
D:1:      dpeg_arrival_orchard, layout_basic, minmay_misc_feat_tower,
          minmay_tetromino_l4
D:2:      layout_loops_ring, bloody_trog, nicolae_overflow_hidden_temple
D:3:      layout_basic, first_ration
D:4:      layout_basic, elyvilon_altar_4, grunt_ministairs_15, uniq_ijyb
D:5:      layout_rooms, uniq_grinder, uniq_prince_ribbit1
D:6:      layout_layer_cave, minmay_temple_entry_arrows
D:7:      layout_basic, kennysheep_little_box
D:8:      layout_cave_pods, lemuel_crystal_altar, serial_shops, shop
D:9:      layout_stronghold, erik_lair_orcish_takeover
D:10:     layout_irregular_city, hangedman_fish_farm, lemuel_flame_loot_1
D:11:     layout_basic, kennysheep_orc_monster_closet_entryway
D:12:     layout_loops_corners, serial_bayou_lagoon_a, minmay_misc_feat_pillars,
          uniq_psyche
D:13:     layout_roguey, ximxim_vaults_locker_room, ebering_ghost_rock_garden,
          basic_altar
D:14:     layout_cave_pools, uniq_kirke
Temple:   eino_temple_rhombus
Lair:1:   layout_chaotic_city, st_stairs_6, kennysheep_rathole, uniq_urug
Lair:2:   layout_gridlike, spider_nest_entry_a, st_stairs_6,
          beast_lair_carwin_3, grunt_megastairs_5, infiniplex_staircase_pool
Lair:3:   layout_concentric_octagons, elwin_shoals_entry_rocks,
          grunt_megastairs_2, serial_bayou_shore_b, lemuel_fruit_tree,
          minmay_lair_oklob_chamber
Lair:4:   mu_elephants_graveyard, layout_cave_pods
Lair:5:   layout_gridlike, pond, grunt_megastairs_3, uniq_snorg
Lair:6:   guppyfry_lair_end_dragon, layout_regular_city,
          hangedman_lair_caniforms_friends, slime_altar_1
Spider:1: layout_spider_delve
Orc:1:    layout_diamond_mine, gammafunk_ghost_stat_death
Orc:2:    pubby_orc_utopia, uniq_nessos

Skill      XL: |  1  2  3  4  5  6  7  8  9 10 11 12 13 14 15 |
---------------+----------------------------------------------+-----
Short Blades   | 1 2 3 5 6 8 10 11 13 15 16 17 18 | 18.1
Stealth        | 3 4 6 7 9 13 15 16 18 | 18.0
Fighting       | 4 5 6 7 8 10 11 13 | 13.9
Dodging        | 3 4 5 7 8 9 11 12 | 12.5
Shields        | 2 3 4 |  4.0
Armour         | 2 |  2.7
Axes           | |  1.0

Action                   |  1- 3 |  4- 6 |  7- 9 | 10-12 | 13-15 || total
-------------------------+-------+-------+-------+-------+-------++-------
Melee: Dagger            |    97 |   204 |       |       |   454 ||   755
       Short sword       |       |    60 |   300 |   814 |  1148 ||  2322
Throw: Dart              |       |    27 |    33 |    40 |    36 ||   136
Invok: Sacrifice Drink   |       |       |     1 |       |       ||     1
       Sacrifice Artific |       |       |       |     1 |       ||     1
       Draw Out Power    |       |       |       |     1 |     1 ||     2
       Sacrifice Health  |       |       |       |     1 |       ||     1
       Apocalypse        |       |       |       |     1 |     9 ||    10
       Power Leap        |       |       |       |     1 |     5 ||     6
       Reject Sacrifices |       |       |       |     1 |       ||     1
  Use: Scroll            |     4 |     2 |     5 |    18 |    13 ||    42
       Potion            |     1 |     1 |     2 |     1 |     2 ||     7
 Stab: Sleeping          |     4 |     2 |     8 |    22 |    41 ||    77
       Distracted        |       |       |     1 |     6 |    15 ||    22
       Invisible         |       |       |       |     6 |    11 ||    17
       Paralysed         |       |       |       |       |    10 ||    10
  Eat: Chunk             |       |    16 |    14 |    27 |    33 ||    90
       Ration            |       |       |       |       |     4 ||     4
Armor: Ring mail         |    37 |    37 |       |    54 |   101 ||   229
       Leather armour    |       |     6 |    53 |    12 |       ||    71
Dodge: Dodged            |    90 |   144 |   190 |   386 |   871 ||  1681

Table legend:
 A = Non-vault XP
 B = Vault XP
 C = Vault XP percentage of total XP
 D = Non-vault monster count
 E = Vault monster count
 F = Vault count percentage of total count
                 A         B        C        D         E       F
            +---------+---------+-------+---------+---------+-------
      Total |   56714 |   38059 |  40.2 |     428 |     244 |  36.3
            +---------+---------+-------+---------+---------+-------
        D:1 |      35 |       5 |  12.5 |      21 |       3 |  12.5
        D:2 |      84 |       0 |   0.0 |      25 |       0 |   0.0
        D:3 |      97 |       0 |   0.0 |      22 |       0 |   0.0
        D:4 |     307 |      38 |  11.0 |      26 |       2 |   7.1
        D:5 |     155 |       0 |   0.0 |       3 |       0 |   0.0
        D:6 |     683 |       0 |   0.0 |      22 |       0 |   0.0
        D:7 |     640 |       0 |   0.0 |      14 |       0 |   0.0
        D:8 |    2003 |       0 |   0.0 |      19 |       0 |   0.0
        D:9 |    2302 |     542 |  19.1 |      32 |       8 |  20.0
       D:10 |    4547 |     305 |   6.3 |      32 |       1 |   3.0
       D:11 |    2240 |    1468 |  39.6 |      13 |      20 |  60.6
       D:12 |    6003 |    1605 |  21.1 |      36 |       3 |   7.7
       D:13 |    3927 |    1583 |  28.7 |      23 |       4 |  14.8
     Lair:1 |    3609 |     397 |   9.9 |      14 |      13 |  48.1
     Lair:2 |    3948 |    1999 |  33.6 |      20 |      10 |  33.3
     Lair:3 |    4100 |     837 |  17.0 |      14 |       3 |  17.6
     Lair:4 |    1519 |    7167 |  82.5 |       7 |      16 |  69.6
     Lair:5 |    8888 |    2173 |  19.6 |      37 |      11 |  22.9
     Lair:6 |    7750 |     709 |   8.4 |      23 |       5 |  17.9
   Spider:1 |    2454 |       0 |   0.0 |       4 |       0 |   0.0
      Orc:1 |    1423 |       0 |   0.0 |      21 |       0 |   0.0
      Orc:2 |       0 |   19231 | 100.0 |       0 |     145 | 100.0
            +---------+---------+-------+---------+---------+-------
